 Dungeon Crawl Stone Soup version 0.21.1-72-gffa868e (webtiles) character file.

502 Limpidissima the Magician (level 6, -1/49 HPs)
             Began as a Mummy Wizard on Aug 3, 2018.
             Was a Believer of Cheibriados.
             Slain by an ogre
             ... wielding a +0 giant spiked club
              (10 damage)
             ... on level 4 of the Dungeon.
             The game lasted 00:21:46 (4808 turns).

Limpidissima the Magician (Mummy Wizard)            Turns: 4808, Time: 00:21:46

Health: -1/49      AC:  4    Str: 14    XL:     6   Next: 95%
Magic:  5/14       EV: 12    Int: 24    God:    Cheibriados [**....]
Gold:   210        SH:  0    Dex: 14    Spells: 4/16 levels left

rFire    x . .     SeeInvis .   e - +1 dagger (venom)
rCold    + . .     Gourm    .   (no shield)
rNeg     + + +     Faith    +   d - +2 robe {MR+}
rPois    ∞         Spirit   .   b - +0 hat
rElec    .         Reflect  .   (no cloak)
rCorr    +         Harm     .   (no gloves)
MR       +....                  (no boots)
Stlth    ++........             m - amulet of faith
HPRegen  0.16/turn              h - ring of resist corrosion
MPRegen  0.14/turn              (no ring)

@: very slow
A: no food or potions, fire vulnerability, cold resistance 1, negative energy
resistance 3, torment resistance, unbreathing
a: Bend Time, Renounce Religion


You were on level 4 of the Dungeon.
You worshipped Cheibriados.
Cheibriados was pleased with you.
You were not hungry.

You visited 1 branch of the dungeon, and saw 4 of its levels.

You collected 210 gold pieces.

Inventory:

Hand Weapons
 e - a +1 dagger of venom (weapon)
Armour
 b - a +0 hat (worn)
 d - a +2 robe of magic resistance (worn)
Jewellery
 h - a ring of resist corrosion (left hand)
 k - an uncursed amulet of the gourmand
 m - an amulet of faith (around neck)
Scrolls
 a - 3 scrolls of immolation
 f - a scroll of blinking {unknown}
 g - 2 scrolls of identify
 i - 4 scrolls of remove curse
 j - a scroll of teleportation
 n - a scroll of magic mapping {unknown}
Books
 c - a book of Minor Magic

   Spells                             Type                      Level
   a - Magic Dart                     Conjuration                  1
   b - Blink                          Translocation                2
   c - Call Imp                       Summoning                    2
   d - Slow                           Hexes                        2
   e - Conjure Flame                  Conjuration/Fire             3
   f - Mephitic Cloud                 Conjuration/Poison/Air       3
 l - a book of Maledictions

   Spells                             Type                      Level
   a - Corona                         Hexes                        1
   b - Ensorcelled Hibernation        Hexes/Ice                    2
   c - Confuse                        Hexes                        3
   d - Tukima's Dance                 Hexes                        3
   e - Dazzling Spray                 Conjuration/Hexes            3


   Skills:
 + Level 4.3 Fighting
 - Level 1.5 Dodging
 - Level 1.5 Stealth
 - Level 5.8 Spellcasting
 + Level 3.1 Conjurations
 * Level 1.6 Hexes
 - Level 0.7 Summonings
   Level 0.7 Translocations


You had 4 spell levels left.
You knew the following spells:

 Your Spells              Type           Power        Failure   Level  Hunger
a - Magic Dart            Conj           ###.         2%          1    N/A
b - Call Imp              Summ           ##......     9%          2    N/A
c - Mephitic Cloud        Conj/Pois/Air  ##......     16%         3    N/A
d - Confuse               Hex            ##......     12%         3    N/A
e - Dazzling Spray        Conj/Hex       ###...       9%          3    N/A

Dungeon Overview and Level Annotations

Branches:
Dungeon (4/15)
 Temple: D:4-7

Altars:
Ashenzari
Cheibriados
Makhleb
Qazlal
Ru
Sif Muna
Zin


Innate Abilities, Weirdness & Mutations

You do not eat or drink.
Your flesh is vulnerable to fire.
You are immune to poison.
Your flesh is cold resistant. (rC+)
You are immune to negative energy. (rN+++)
You are immune to unholy pain and torment.
You can survive without breathing.


Message History

A quokka comes into view.
The ogre seems less confused.
The ogre misses you.
Casting: Magic Dart
Confirm with . or Enter, or press ? or * to list all spells.
Aiming: Magic Dart
Press: ? - help, Shift-Dir - straight line, f - ogre
Aim: an ogre, wielding a giant spiked club (moderately wounded)
The magic dart hits the ogre.
The ogre is moderately wounded.
The ogre misses you.
The ogre hits you with a giant spiked club!
You see here a giant cockroach corpse.
The ogre barely misses you.
The ogre hits you with a giant spiked club!!
* * * LOW HITPOINT WARNING * * *
The flow of time bends around you.
Cheibriados rebukes the quokka.
The quokka seems to slow down.
The ogre resists with some effort.
The ogre hits you with a giant spiked club!
You die...

.........####
.........#
.....)...##### ########
.........#...###......#
.........'...'........+
.........#...##.......#
.........#...##...#####
.........#...##...#
.........#...##.@[#
.........######rO.#
########## #...#
#...#### #..†...#
######.##
#####..######..
................
#............#..


You could see an ogre and a quokka.

Vanquished Creatures
  A hound (D:4)
  An orc wizard (D:4)
  A bullfrog skeleton (D:4)
  Jessica (D:3)
  4 worker ants
  Robin (D:3)
  6 adders
  4 dart slugs
  2 leopard geckos
  4 orcs
  3 ball pythons
  7 giant cockroaches
  12 goblins
  6 hobgoblins
  2 jackals (D:2)
  4 quokkas
  7 bats
  6 frilled lizards
  8 kobolds
  7 rats
87 creatures vanquished.

Vanquished Creatures (collateral kills)
  Sigmund (D:2)
  An iguana (D:2)
  An ooze (D:1)
  A goblin (D:3)
  A hobgoblin (D:1)
5 creatures vanquished.

Grand Total: 92 creatures vanquished

Notes
Turn   | Place    | Note
-------+----------+-------------------------------------------
     0 | D:1      | Limpidissima the Mummy Wizard began the quest for the Orb.
     0 | D:1      | Reached XP level 1. HP: 13/13 MP: 5/5
    59 | D:1      | Reached skill level 1 in Conjurations
   162 | D:1      | Reached XP level 2. HP: 20/20 MP: 0/7
   229 | D:1      | Learned a level 2 spell: Call Imp
   430 | D:1      | Reached skill level 1 in Fighting
  1070 | D:1      | Reached XP level 3. HP: 25/26 MP: 2/8
  1380 | D:2      | Learned a level 3 spell: Mephitic Cloud
  1553 | D:2      | Found a snail-covered altar of Cheibriados.
  1565 | D:2      | Became a worshipper of Cheibriados the Contemplative
  1576 | D:2      | Found a shattered altar of Ashenzari.
  1623 | D:2      | Found a deep blue altar of Sif Muna.
  1824 | D:2      | Reached XP level 4. HP: 33/33 MP: 2/10
  1913 | D:2      | Reached skill level 5 in Spellcasting
  2034 | D:2      | Noticed Sigmund
  2662 | D:2      | Found a stormy altar of Qazlal.
  2974 | D:2      | Killed Sigmund
  2974 | D:2      | Reached XP level 5. HP: 41/41 MP: 3/13
  3166 | D:3      | Noticed Jessica
  3174 | D:3      | Killed Jessica
  3174 | D:3      | Reached XP level 6. HP: 48/48 MP: 9/14
  3176 | D:3      | Reached * piety under Cheibriados
  3295 | D:3      | Noticed Robin
  3317 | D:3      | Killed Robin
  3921 | D:3      | Found a sacrificial altar of Ru.
  3925 | D:3      | Found a glowing silver altar of Zin.
  3927 | D:3      | Found a burning altar of Makhleb.
  4323 | D:4      | Learned a level 3 spell: Confuse
  4327 | D:4      | Learned a level 3 spell: Dazzling Spray
  4486 | D:4      | Reached ** piety under Cheibriados
  4576 | D:4      | Reached skill level 1 in Hexes
  4808 | D:4      | Slain by an ogre

Skill      XL: |  1  2  3  4  5  6 |
---------------+-------------------+-----
Conjurations   | 1 2 3 |  3.1
Fighting       | 1 3 4 |  4.3
Spellcasting   | 5 |  5.8
Hexes          | 1 |  1.6
Dodging        | |  1.5
Stealth        | |  1.5
Summonings     | |  0.7
Translocations | |  0.7

Action                   |  1- 3 |  4- 6 || total
-------------------------+-------+-------++-------
Melee: Dagger            |    26 |    53 ||    79
 Cast: Magic Dart        |   100 |   133 ||   233
       Call Imp          |     1 |     5 ||     6
       Mephitic Cloud    |     2 |     9 ||    11
Invok: Bend Time         |       |     1 ||     1
  Use: Scroll            |       |     6 ||     6
Armor: Robe              |    12 |    32 ||    44
Dodge: Dodged            |    47 |    86 ||   133
